[Event "Early-Titled-Tuesday-Blitz-March-05-2024"]
[Site "Chess.com"]
[Date "2024.03.05"]
[Round "6"]
[White "nicolasbatista3"]
[Black "Szparu"]
[Result "0-1"]
[WhiteElo "2488"]
[BlackElo "2783"]
[TimeControl "180+1"]
[EndTime "9:08:01 PST"]
[Termination "Szparu won by resignation"]

1. d4 Nf6 2. c4 c5 3. d5 e6 4.
Nc3 exd5 5. cxd5 d6 6. e4 g6 7.
Bg5 h6 8. Bh4 Bg7 9. Bb5+ Nbd7 10. a4 O-O 11. Nf3 a6 12. Bd3 Re8 13. O-O Qc7 14.
Re1 g5 15. Bg3 Nh5 16. Qd2 Nxg3 17. hxg3 Nf8 18. a5 Ng6 19. Na4 Bg4 20. Nb6 Rad8 21. Nh2 Bc8 22. Nf3 Re7 23. Bc2 Rf8 24. Rad1 Bxb2 25.
Nc4 Bg7 26. e5 Nxe5 27. Nfxe5 Bxe5 28. Qd3 f5 29. Rxe5 Rxe5 30. Nxe5 dxe5 31. d6 Qd7 32. Qd5+ Kh7 33. Qxe5 Qe6 34. Qxc5 Bd7 35. g4 Qe2 36. gxf5 Rc8 37. Qxc8 Bxc8 38. d7 Bxd7 39. Rxd7+ Kg8 40. Rc7 Qe1+ 41. Kh2 Qe5+ 42. f4 Qxc7 0-1

[Event "Early-Titled-Tuesday-Blitz-March-05-2024"]
[Site "Chess.com"]
[Date "2024.03.05"]
[Round "6"]
[White "Nemegejas"]
[Black "Shahdad2007"]
[Result "1-0"]
[WhiteElo "2799"]
[BlackElo "2569"]
[TimeControl "180+1"]
[EndTime "9:08:02 PST"]
[Termination "Nemegejas won by checkmate"]

1. d4 Nf6 2. c4 g6 3. Nc3 d5 4. cxd5 Nxd5 5. g3 Bg7 6. Bg2 Nxc3 7. bxc3 O-O 8. Nf3 c5 9. O-O Nc6 10. Be3 Be6 11. Rb1 Bxa2 12. Rxb7 Bd5 13. Rb5 cxd4 14. Rxd5 Qxd5 15. Nxd4 Qd6 16. Nxc6 Kh8 17. Nxa7 Rad8 18.
Qxd6 exd6 19. c4 Rfe8 20. Bd5 f5 21. Nb5 Be5 22. Rd1 Kg7 23. Bb6 Rc8 24. f4 Rb8 25. Bc7 Bf6 26. Bxb8 Rxb8 27. Nxd6 Rb2 28. Ne8+ Kf8 29. Nxf6 Rxe2 30. Nd7+ Ke7 31. Ne5 Rc2 32. Rb1 Kd6 33. Rb5 g5 34. Bf3 g4 35. Rd5+ Ke6 36. Bd1 Rc1 37. Rd4 h5 38. Kf2 Rc3 39.
Ke2 h4 40. gxh4 Rh3 41. c5 Rxh2+ 42. Kf1 Rh1+ 43. Kg2 Rxh4 44. Bb3+ Kf6 45. Rd6+ Kg7 46. c6 Rh8 47. Rd7+ Kf8 48. Ng6+ Ke8 49. Bf7# 1-0

[Event "Early-Titled-Tuesday-Blitz-March-05-2024"]
[Site "Chess.com"]
[Date "2024.03.05"]
[Round "6"]
[White "K_A_S_T_O_R"]
[Black "santosalberto1987"]
[Result "1-0"]
[WhiteElo "2791"]
[BlackElo "2552"]
[TimeControl "180+1"]
[EndTime "9:08:02 PST"]
[Termination "K_A_S_T_O_R won by resignation"]

1. e4 e6 2. d4 d5 3. Nc3 Nf6 4. e5 Nfd7 5. Nce2 c5 6. f4 Nc6 7. c3 b5 8. a3 a5 9. Nf3 Ba6 10. f5 Be7 11. fxe6 fxe6 12. Nf4 Nf8 13. Nh5 g6 14.
Nf6+ Bxf6 15. exf6 Qxf6 16. Bg5 Qf7 17. dxc5 Nd7 18. a4 b4 19. Bxa6 Rxa6 20. O-O O-O 21.
Bh6 Qe7 22. Bxf8 Qxf8 23. Qe2 Qxc5+ 24. Kh1 Ncb8 25. Rac1 b3 26. Ne5 Qd6 27. Nf7 Qc5 28.
Qf3 Kg7 29. Qf4 Qf8 30. Qd4+ e5 31. Nxe5 Qc5 32. Nxd7+ Qxd4 33. cxd4 Nxd7 34. Rc7 Rd6 35. Rfc1 Kf6 36. R1c6 Ke6 37. Rxd6+ Kxd6 38. Rb7 Kc6 39. Rxb3 Nb6 40. Rc3+ Kd6 41. b3 1-0

[Event "Early-Titled-Tuesday-Blitz-March-05-2024"]
[Site "Chess.com"]
[Date "2024.03.05"]
[Round "6"]
[White "Balla_Tamas"]
[Black "sergeikim"]
[Result "1-0"]
[WhiteElo "2443"]
[BlackElo "2580"]
[TimeControl "180+1"]
[EndTime "9:08:02 PST"]
[Termination "Balla_Tamas won by resignation"]

1. e4 e5 2. Nf3 Nc6 3. d4 exd4 4. Nxd4 Bc5 5. Nb3 Bb6 6. Nc3 d6 7. Qe2 Nf6 8. Be3 Be6 9. O-O-O Qe7 10. f3 h6 11. g3 O-O-O 12. Bg2 Rhe8 13. Kb1 Kb8 14. Rhe1 Bc8 15. Bxb6 axb6 16. f4 Bg4 17. Bf3 Bxf3 18. Qxf3 Qe6 19. Nd4 Nxd4 20. Rxd4 Qg4 21. Qd3 Nd7 22.
Qc4 Nc5 23. Qxf7 g5 24. f5 Qf3 25. a3 Qf2 26. Red1 Qxh2 27. Nd5 Nd7 28. Nxc7 Kxc7 29. Rxd6 Kb8 30. Rxd7 Rxd7 31. Qxe8+ 1-0

[Event "Early-Titled-Tuesday-Blitz-March-05-2024"]
[Site "Chess.com"]
[Date "2024.03.05"]
[Round "6"]
[White "scarabee43"]
[Black "Kostya0705"]
[Result "1-0"]
[WhiteElo "2882"]
[BlackElo "2578"]
[TimeControl "180+1"]
[EndTime "9:08:04 PST"]
[Termination "scarabee43 won by resignation"]

1. Nf3 Nf6 2. c4 e6 3. Nc3 d5 4.
e3 Ke7 5. b3 Ke8 6. Bb2 Be7 7.
d4 Kf8 8. Bd3 g6 9. O-O Kg7 10.
e4 dxe4 11. Nxe4 Nxe4 12. Bxe4 Bf6 13. Qe2 c6 14. Rad1 Nd7 15. h4 h5 16. g3 Qe7 17.
Rfe1 a5 18. Qc2 a4 19. d5 cxd5 20. cxd5 axb3 21. axb3 Bxb2 22. Qxb2+ Qf6 23. Qxf6+ Nxf6 24. d6 Bd7 25. Ne5 Ra3 26. Rd3 Rd8 27. Nc4 Ra7 28.
Bg2 Bb5 29. Rd2 Rd7 30. Ne5 Rd8 31. Rc1 Ra6 32. Rc7 Raxd6 33. Rxd6 Rxd6 34. Rxf7+ Kh6 35. Rxf6 1-0

[Event "Early-Titled-Tuesday-Blitz-March-05-2024"]
[Site "Chess.com"]
[Date "2024.03.05"]
[Round "6"]
[White "andrzej"]
[Black "ValentunHulka"]
[Result "0-1"]
[WhiteElo "2544"]
[BlackElo "2774"]
[TimeControl "180+1"]
[EndTime "9:08:04 PST"]
[Termination "ValentunHulka won on time"]

1. e4 c5 2. Nf3 Nf6 3. e5 Nd5 4. Nc3 e6 5. Ne4 Nc6 6. c4 f5 7. Nc3 Nde7 8. d4 cxd4 9. Nb5 Ng6 10. Bg5 Qa5+ 11. Bd2 Qb6 12. b4 Ngxe5 13. c5 Nxf3+ 14.
Qxf3 Qd8 15. Bf4 e5 16. O-O-O a6 17. Nd6+ Bxd6 18. cxd6 Qf6 19. Bc4 b5 20. Bxe5 Nxe5 21. Qxa8 Nxc4 22. Qxc8+ Kf7 23. Qxh8 d3 24. Rxd3 Qb2+ 25.
Kd1 Qb1+ 26. Ke2 Qc2+ 27. Ke1 Qxd3 0-1

[Event "Early-Titled-Tuesday-Blitz-March-05-2024"]
[Site "Chess.com"]
[Date "2024.03.05"]
[Round "6"]
[White "lilleper1"]
[Black "Hikaru"]
[Result "1/2-1/2"]
[WhiteElo "2929"]
[BlackElo "3271"]
[TimeControl "180+1"]
[EndTime "9:08:05 PST"]
[Termination "Game drawn by repetition"]

1. e4 d5 2. exd5 Qxd5 3. Nc3 Qa5 4. d4 c6 5. Nf3 Bf5 6. Bc4 e6 7. Bd2 Nf6 8. Qe2 Bb4 9. a3 O-O 10. O-O-O Bxc3 11. Bxc3 Qc7 12. Ne5 Nbd7 13. g4 Nxe5 14.
dxe5 Nxg4 15. Rhg1 Nh6 16. Bd2 Kh8 17. Bxh6 gxh6 18.
Bd3 Bg6 19. Qe3 Rad8 20. Qf4 Kg8 21. h4 h5 22. Rg5 c5 23. Rdg1 c4 24. Bxg6 fxg6 25. Rxg6+ hxg6 26. Rxg6+ Kh8 27. Rh6+ Kg8 28. Rg6+ Kh8 29. Rh6+ Kg8 30. Rg6+ 1/2-1/2

[Event "Early-Titled-Tuesday-Blitz-March-05-2024"]
[Site "Chess.com"]
[Date "2024.03.05"]
[Round "6"]
[White "ChessLebaneseSalah"]
[Black "Blitzstream"]
[Result "1-0"]
[WhiteElo "2578"]
[BlackElo "2798"]
[TimeControl "180+1"]
[EndTime "9:08:05 PST"]
[Termination "ChessLebaneseSalah won by resignation"]

1. e4 c5 2. Nf3 d6 3. d4 cxd4 4. Nxd4 Nf6 5. Nc3 a6 6. a3 e6 7.
g4 Be7 8. Be3 Nc6 9. g5 Nd7 10.
h4 Qa5 11. Bg2 Nde5 12. Nb3 Qc7 13. Qe2 b5 14. Nd2 Na5 15. Bd4 Bb7 16. f4 Nec4 17.
Nxc4 Nxc4 18. Bxg7 Rg8 19. Bd4 d5 20. exd5 Qxf4 21. dxe6 Qg3+ 22. Kf1 fxe6 23. Bxb7 Rf8+ 24.
Bf2 Rd8 25. Bc6+ Rd7 26. Bxd7+ Kxd7 27. Qd3+ Qxd3+ 28. cxd3 Nxb2 29. Ke2 Rc8 30. Rhc1 Bd6 31. Ne4 Be5 32. Rxc8 1-0

[Event "Early-Titled-Tuesday-Blitz-March-05-2024"]
[Site "Chess.com"]
[Date "2024.03.05"]
[Round "6"]
[White "Cheer_Down"]
[Black "Viktor_Poddubnyi"]
[Result "1-0"]
[WhiteElo "2411"]
[BlackElo "2270"]
[TimeControl "180+1"]
[EndTime "9:08:05 PST"]
[Termination "Cheer_Down won by resignation"]

1. e4 g6 2. d4 Bg7 3. Nc3 d6 4. Nf3 Nf6 5. Be2 c6 6. O-O O-O 7. h3 Nbd7 8. e5 Nd5 9. Nxd5 cxd5 10. Bf4 dxe5 11. dxe5 e6 12. c3 Nb6 13. Qd2 Qc7 14.
b3 Bd7 15. Rfe1 Rac8 16. Rac1 Bc6 17. Bf1 Nd7 18. h4 Qa5 19. h5 Bb5 20. hxg6 fxg6 21.
Bxb5 Qxb5 22. Nd4 Qa6 23. Bg3 Nc5 24. f3 Nd7 25. Rc2 Rc7 26. Qg5 Qd3 27. Qg4 Re8 28. Nxe6 Rxc3 29. Rxc3 Qxc3 30. Nxg7 Qd4+ 31. Qxd4 1-0

[Event "Early-Titled-Tuesday-Blitz-March-05-2024"]
[Site "Chess.com"]
[Date "2024.03.05"]
[Round "6"]
[White "amelia91"]
[Black "martinmena"]
[Result "1-0"]
[WhiteElo "2040"]
[BlackElo "2295"]
[TimeControl "180+1"]
[EndTime "9:08:05 PST"]
[Termination "amelia91 won by checkmate"]

1. d4 d5 2. Nf3 Nf6 3. e3 e6 4.
Bd3 Bd6 5. Nbd2 O-O 6. O-O b6 7. Ne5 Bb7 8. f4 c5 9. c3 Nc6 10. Qf3 Ne7 11. g4 Nd7 12. Qh3 f5 13. Ndf3 Bxe5 14. fxe5 Qe8 15. gxf5 Nxf5 16. Kh1 Qg6 17. Bd2 Rae8 18. Rg1 Ng3+ 19. Qxg3 Qxg3 20. Rxg3 cxd4 21. exd4 Rxf3 22. Rxf3 Nxe5 23. Rg3 Nxd3 24. Rxd3 Rf8 25. Kg2 Rf5 26. Rf3 Rh5 27. Raf1 h6 28. Rf8+ Kh7 29.
R1f7 Ba6 30. Rxa7 Bd3 31. Rff7 Kg6 32. Rxg7+ Kf5 33. Raf7+ Ke4 34. Rf4# 1-0

[Event "Early-Titled-Tuesday-Blitz-March-05-2024"]
[Site "Chess.com"]
[Date "2024.03.05"]
[Round "6"]
[White "Anton_Demchenko"]
[Black "AlexTruskavetsky"]
[Result "1-0"]
[WhiteElo "2910"]
[BlackElo "2703"]
[TimeControl "180+1"]
[EndTime "9:08:06 PST"]
[Termination "Anton_Demchenko won by resignation"]

1. e4 c5 2. Nf3 Nc6 3. Bb5 g6 4.
O-O Nf6 5. Re1 Bg7 6. Nc3 O-O 7. e5 Ng4 8. Bxc6 dxc6 9. d3 Nh6 10. h3 Nf5 11.
Bf4 b6 12. a4 a5 13. Ne4 Ba6 14. b3 Nd4 15. Ned2 Qd5 16. Bg3 Rfd8 17. Nxd4 Qxd4 18. Qe2 Bc8 19. Nc4 Ra6 20. Qf3 Qd5 21. Qf4 Be6 22. Bh4 Rd7 23. Re4 h6 24. Ne3 g5 25.
Bxg5 hxg5 26. Qxg5 f6 27. Qg3 Qxe4 28. dxe4 fxe5 29. Nf5 Bxf5 30. exf5 Rd6 31. Re1 Kf8 32. Re4 Bh6 33. Qxe5 Ra7 34. Qh8+ Kf7 35. Qh7+ Ke8 36. Re6 Bf4 37. g3 Bg5 38. Qg8+ Kd7 39. Qxg5 Rxe6 40. fxe6+ Kxe6 41. h4 Rd7 42. h5 c4 43. Qg4+ 1-0

[Event "Early-Titled-Tuesday-Blitz-March-05-2024"]
[Site "Chess.com"]
[Date "2024.03.05"]
[Round "6"]
[White "Abund"]
[Black "Salem-AR"]
[Result "0-1"]
[WhiteElo "2754"]
[BlackElo "3029"]
[TimeControl "180+1"]
[EndTime "9:08:10 PST"]
[Termination "Salem-AR won by resignation"]

1. e4 c5 2. Nf3 Nc6 3. Bb5 e6 4. O-O Nge7 5. Re1 a6 6. Bf1 d5 7.
exd5 Nxd5 8. d4 Nf6 9. Be3 Be7 10. dxc5 Qxd1 11. Rxd1 Ng4 12. Bd4 e5 13. Bc3 Bxc5 14.
Rd2 e4 15. Nd4 e3 16. fxe3 Nxe3 17. Na3 Nf5 18. Rad1 Be6 19. Nc4 Rd8 20. Kh1 Bxd4 21. Bxd4 Rxd4 22. Rxd4 Ncxd4 23. g4 Bd5+ 24. Kg1 Nh4 25.
c3 Ndf3+ 26. Kf2 Bxc4 27. Bxc4 Ne5 28. Re1 Ng6 29. Bd5 b6 30. h4 h5 31. gxh5 Rxh5 32. Kg3 f6 33. Be4 Kf7 34. Bd5+ Kf8 35. c4 Rxh4 36. b3 Rg4+ 37. Kf2 Nf4 38. Rd1 g5 39. Be4 Rh4 40. Bf5 Ke7 41. Rd2 Rh2+ 42. Ke3 Ng2+ 43. Kd4 Nf3+ 44. Kc3 Nxd2 0-1

[Event "Early-Titled-Tuesday-Blitz-March-05-2024"]
[Site "Chess.com"]
[Date "2024.03.05"]
[Round "6"]
[White "NikoTheodorou"]
[Black "FREDERICKtheMATE"]
[Result "1-0"]
[WhiteElo "3054"]
[BlackElo "2719"]
[TimeControl "180+1"]
[EndTime "9:08:10 PST"]
[Termination "NikoTheodorou won by checkmate"]

1. Nf3 Nf6 2. b3 c5 3. Bb2 Nc6 4. e3 g6 5. c4 Bg7 6. Be2 O-O 7. O-O b6 8. d4 cxd4 9. Nxd4 Bb7 10. Nc3 Nxd4 11.
Qxd4 Ne4 12. Qd3 d5 13. Rfd1 e6 14. cxd5 exd5 15. Rac1 Rc8 16. Na4 Bxb2 17. Rxc8 Bxc8 18. Nxb2 Qf6 19. f3 Qxb2 20. fxe4 dxe4 21. Qd2 Qe5 22. Qd4 Qa5 23. Bc4 Bf5 24. h3 h5 25. Qf6 Qc5 26.
Kf2 Qc7 27. Rd6 Kh7 28. a4 Qb7 29. Kg3 Qc7 30. Kh4 Qc8 31. Bxf7 Qc1 32. Bxg6+ Bxg6 33.
Qxg6+ Kh8 34. Qxh5+ Kg8 35. Qg5+ Kf7 36. Rd7+ Ke6 37.
Re7+ Kd6 38. Qe5+ Kc6 39. Rc7# 1-0

[Event "Early-Titled-Tuesday-Blitz-March-05-2024"]
[Site "Chess.com"]
[Date "2024.03.05"]
[Round "6"]
[White "Volodar_Murzin"]
[Black "HansOnTwitch"]
[Result "1/2-1/2"]
[WhiteElo "2962"]
[BlackElo "3110"]
[TimeControl "180+1"]
[EndTime "9:08:13 PST"]
[Termination "Game drawn by repetition"]

1. d4 Nf6 2. Nf3 d5 3. Bf4 c6 4. Nbd2 Qb6 5. Qc1 Bg4 6. Ne5 Bf5 7. e3 Nbd7 8. c4 e6 9. a3 Nxe5 10. Bxe5 Be7 11. Be2 O-O 12. O-O c5 13. cxd5 exd5 14. dxc5 Qxc5 15. Qxc5 Bxc5 16. Bxf6 gxf6 17. Rac1 Rac8 18.
Bf3 Be6 19. Nb3 Bb6 20. Nd4 Bxd4 21. exd4 Rc4 22. Rfd1 Rfc8 23. Rxc4 Rxc4 24. Rd2 Rc1+ 25. Bd1 Bd7 26. Kf1 a5 27. Ke2 Bb5+ 28. Ke3 a4 29. Bc2 h6 30. Kf4 Kf8 31. f3 Ke7 32. Kg4 Kf8 33. Kf4 Ra1 34. Kg4 Rc1 35. Kf4 1/2-1/2

[Event "Early-Titled-Tuesday-Blitz-March-05-2024"]
[Site "Chess.com"]
[Date "2024.03.05"]
[Round "6"]
[White "HanSchut"]
[Black "secrethawk1"]
[Result "0-1"]
[WhiteElo "2310"]
[BlackElo "2491"]
[TimeControl "180+1"]
[EndTime "9:08:13 PST"]
[Termination "secrethawk1 won on time"]

1. e4 c5 2. Nf3 e6 3. c4 Nc6 4.
Nc3 Nf6 5. Be2 Be7 6. O-O e5 7.
d3 O-O 8. Nd5 d6 9. Rb1 a5 10.
b3 Be6 11. a3 Nd4 12. b4 axb4 13. axb4 Ra2 14. Rb2 Rxb2 15. Bxb2 Bxd5 16. Nxd4 Bxe4 17. Nb5 Bc6 18. bxc5 dxc5 19. Bxe5 Nd7 20. Bc7 Qc8 21. Bf4 Bf6 22. Nd6 Qa8 23. Bf3 b6 24. Ne4 Bd4 25.
Re1 Re8 26. Ng5 Rxe1+ 27. Qxe1 Bxf3 28. Nxf3 Bf6 29. h3 Nf8 30. Be5 Nd7 31. Bxf6 Nxf6 32.
Qe7 Qe8 0-1

[Event "Early-Titled-Tuesday-Blitz-March-05-2024"]
[Site "Chess.com"]
[Date "2024.03.05"]
[Round "6"]
[White "Christian_Jordan"]
[Black "Arteler"]
[Result "1/2-1/2"]
[WhiteElo "2099"]
[BlackElo "2418"]
[TimeControl "180+1"]
[EndTime "9:08:15 PST"]
[Termination "Game drawn by agreement"]

1. e4 e6 2. d4 d5 3. Nc3 Nf6 4. Bg5 Be7 5. e5 Nfd7 6. Bxe7 Qxe7 7. Nb5 Nb6 8. c3 a6 9. Na3 c5 10. f4 Nc6 11. Nf3 O-O 12. Nc2 cxd4 13. cxd4 Nb4 14.
Nxb4 Qxb4+ 15. Qd2 Qxd2+ 16. Kxd2 Bd7 17. b3 Rac8 18.
Bd3 Rc7 19. Rac1 Rfc8 20. Rxc7 Rxc7 21. Rf1 Nc8 22. Nh4 Ne7 23. f5 Nc6 24. fxe6 Bxe6 25.
Nf3 Nb4 26. Bb1 b5 27. Rc1 Rxc1 28. Kxc1 Bg4 29. Kd2 Bxf3 30. gxf3 Nc6 31. Ke3 Kf8 32. f4 Ke7 33. Bxh7 f6 34. Bb1 fxe5 35. fxe5 Ke6 36. h4 1/2-1/2

[Event "Early-Titled-Tuesday-Blitz-March-05-2024"]
[Site "Chess.com"]
[Date "2024.03.05"]
[Round "6"]
[White "ChessQueen"]
[Black "Bilan_Danila"]
[Result "1-0"]
[WhiteElo "2771"]
[BlackElo "2539"]
[TimeControl "180+1"]
[EndTime "9:08:17 PST"]
[Termination "ChessQueen won on time"]

1. e4 c6 2. d4 d5 3. e5 c5 4. dxc5 Nc6 5. Nf3 Bg4 6. Bb5 e6 7. Be3 Ne7 8. c3 Nf5 9. Bxc6+ bxc6 10. Qa4 Bxf3 11. Qxc6+ Ke7 12. gxf3 Rc8 13. Qb7+ Rc7 14. Qa6 Nxe3 15. fxe3 Rxc5 16. Qxa7+ Rc7 17. Qa4 Rc4 18. Qa7+ Rc7 19. Qb6 Ke8 20. Qb5+ Rd7 21. Nd2 Qh4+ 22. Ke2 Be7 23. Rag1 g6 24. Rg4 Qh5 25. Ra4 Qxe5 26. Ra8+ Bd8 27. Nb3 Ke7 28. Nd4 Rc7 29. Nc6+ Rxc6 30. Qxc6 Bb6 31. Qxb6 Rxa8 32. Qb7+ 1-0

[Event "Early-Titled-Tuesday-Blitz-March-05-2024"]
[Site "Chess.com"]
[Date "2024.03.05"]
[Round "6"]
[White "AEMEffi"]
[Black "Road2GM3000"]
[Result "0-1"]
[WhiteElo "2328"]
[BlackElo "2507"]
[TimeControl "180+1"]
[EndTime "9:08:17 PST"]
[Termination "Road2GM3000 won by resignation"]

1. d4 d5 2. c4 c6 3. Nc3 Nf6 4. e3 a6 5. Nf3 Bf5 6. Qb3 Ra7 7. c5 Nbd7 8. Bd2 g6 9. Na4 Bg7 10. Bd3 Bxd3 11. Qxd3 e5 12. dxe5 Ng4 13. Bc3 Ngxe5 14. Nxe5 Nxe5 15. Qe2 O-O 16. Nb6 Nd7 17. Bxg7 Kxg7 18.
Nxd7 Qxd7 19. O-O Raa8 20. Rad1 Rae8 21. Rd4 Re5 22. Qc2 Rfe8 23. Qc3 Qe7 24. f4 Re6 25. Rxd5+ Kg8 26. Rd3 Re4 27. Rf3 Qe6 28. b3 f5 29.
h3 Qe7 30. Kh2 Qc7 31. a3 Qe7 32. b4 Qe6 33. Qd2 Qc4 34. Rd8 Qf7 35. Rxe8+ Qxe8 36. Rg3 Re7 37. h4 Rd7 38. Qc3 Qe7 39. Rg5 Qg7 40.
h5 Qxc3 0-1

[Event "Early-Titled-Tuesday-Blitz-March-05-2024"]
[Site "Chess.com"]
[Date "2024.03.05"]
[Round "6"]
[White "Shuvalov"]
[Black "lamomiajunior"]
[Result "1-0"]
[WhiteElo "2554"]
[BlackElo "2726"]
[TimeControl "180+1"]
[EndTime "9:08:18 PST"]
[Termination "Shuvalov won by resignation"]

1. d4 Nf6 2. c4 g6 3. Nc3 Bg7 4. e4 d6 5. Nf3 e6 6. Be2 O-O 7. O-O b6 8. Qc2 Bb7 9. Rd1 Nbd7 10. b4 Qe7 11. h3 a5 12. bxa5 Rxa5 13. a4 e5 14. d5 Nh5 15. Ba3 Nc5 16. Bb4 Raa8 17. a5 Nf4 18. Bf1 Bc8 19. axb6 Rxa1 20. Rxa1 cxb6 21. Nb5 f5 22. Ra7 Qd8 23. Nd2 fxe4 24. Bxc5 dxc5 25. Nxe4 Bf5 26. Qb1 Qh4 27. Nbd6 Bh6 28.
Qxb6 Bxe4 29. Nxe4 Nh5 30. Qb7 Bg7 31. d6 Qd8 32. g4 Qh4 33. gxh5 1-0

[Event "Early-Titled-Tuesday-Blitz-March-05-2024"]
[Site "Chess.com"]
[Date "2024.03.05"]
[Round "6"]
[White "Dale"]
[Black "Pasmendjambvirgulptipon98"]
[Result "1-0"]
[WhiteElo "2111"]
[BlackElo "2303"]
[TimeControl "180+1"]
[EndTime "9:08:18 PST"]
[Termination "Dale won on time"]

1. Nf3 Nf6 2. h3 d5 3. g4 e6 4. d3 h6 5. Bd2 c5 6. c3 Nc6 7. a3 Be7 8. b4 b6 9. Rg1 Bb7 10. g5 hxg5 11. Nxg5 Rc8 12. b5 Ne5 13. f4 Ng6 14.
Nxe6 fxe6 15. Rxg6 Ne4 16. Qa4 Bh4+ 17. Kd1 Ng3 18.
Rxg7 Rc7 19. Rxc7 Qxc7 20. Bg2 O-O 21. c4 Bf6 22. Nc3 Qg7 23. Qxa7 Nxe2 24. Nxe2 Bxa1 25.
Qxb6 Rf7 26. cxd5 exd5 27. Bxd5 Bxd5 28. Qd8+ Kh7 29. Qxd5 Ra7 30. b6 Rxa3 31. b7 Be5 32. fxe5 Ra2 33. Qxa2 Qxb7 34. Qc4 1-0

[Event "Early-Titled-Tuesday-Blitz-March-05-2024"]
[Site "Chess.com"]
[Date "2024.03.05"]
[Round "6"]
[White "KetiTsatsalashvili"]
[Black "BashirliSaadat"]
[Result "1-0"]
[WhiteElo "2482"]
[BlackElo "2349"]
[TimeControl "180+1"]
[EndTime "9:08:19 PST"]
[Termination "KetiTsatsalashvili won by resignation"]

1. d4 Nf6 2. Nf3 g6 3. c4 Bg7 4. Nc3 O-O 5. e4 d6 6. Be2 c5 7.
d5 a6 8. O-O Nbd7 9. a4 b6 10. h3 Bb7 11. Bf4 Ne8 12. Re1 f5 13. exf5 Rxf5 14. Qd2 Nc7 15. Bd3 Rf8 16. Bg5 Nf6 17. Bh6 Qd7 18. Bxg7 Kxg7 19. Ng5 h6 20. Ne6+ Nxe6 21. Rxe6 Qd8 22. Rae1 Rf7 23. Qe3 Bc8 24. Rxe7 Ra7 25. Rxa7 Rxa7 26. Qg3 g5 27. Qe3 Rf7 28. Bc2 Nd7 29. Qe4 Nf8 30. Nd1 Qf6 31. Qe3 Nd7 32. Qe8 Bb7 33. Re6 1-0

[Event "Early-Titled-Tuesday-Blitz-March-05-2024"]
[Site "Chess.com"]
[Date "2024.03.05"]
[Round "6"]
[White "GaiozNigalidze"]
[Black "XDPS"]
[Result "0-1"]
[WhiteElo "2702"]
[BlackElo "2910"]
[TimeControl "180+1"]
[EndTime "9:08:20 PST"]
[Termination "XDPS won on time"]

1. Nf3 g6 2. g3 Bg7 3. Bg2 e5 4. d3 Ne7 5. c4 O-O 6. O-O c5 7. e4 h6 8. Nc3 d6 9. h3 f5 10. exf5 gxf5 11. Nh4 Nbc6 12. Nd5 Be6 13. Nxe7+ Nxe7 14. Bxb7 Rb8 15. Bg2 f4 16. Kh2 Qe8 17. Rb1 Bf6 18. Nf3 Qh5 19. gxf4 Bg4 20. Qe2 Ng6 21. Qe4 Rbe8 22. Kg1 Bf5 23. Qd5+ Be6 24. Qc6 Bxh3 25. Nh2 Bf5 26. Be4 Nh4 27. Kh1 Kh8 28.
Bxf5 Qxf5 29. Qe4 Qh5 0-1

[Event "Early-Titled-Tuesday-Blitz-March-05-2024"]
[Site "Chess.com"]
[Date "2024.03.05"]
[Round "6"]
[White "rnanjo"]
[Black "StrackedAktonamee"]
[Result "0-1"]
[WhiteElo "2556"]
[BlackElo "2474"]
[TimeControl "180+1"]
[EndTime "9:08:21 PST"]
[Termination "StrackedAktonamee won by checkmate"]

1. e4 c6 2. d4 d5 3. e5 c5 4. dxc5 e6 5. Bd3 Nd7 6. Nf3 Nxc5 7. Be2 Ne7 8. O-O Ng6 9. Re1 Be7 10. a3 O-O 11. b4 Nd7 12. Bb2 a5 13. bxa5 Qxa5 14.
Nbd2 Qc7 15. c4 Ndxe5 16. cxd5 exd5 17. Nxe5 Nxe5 18. Rc1 Qd6 19. Nf3 Nxf3+ 20. Bxf3 Be6 21. Be5 Qxa3 22. Qd4 Ra4 23. Qb6 Rb4 24. Qc7 Rc4 25. Rxc4 dxc4 26. Bxb7 Rd8 27. h4 Qb4 28. Re3 Rd7 29.
Qb8+ Rd8 30. Qa7 Bc5 31. Qa6 Bxe3 32. fxe3 Qe1+ 33. Kh2 Qxh4+ 34. Kg1 Rd1# 0-1

[Event "Early-Titled-Tuesday-Blitz-March-05-2024"]
[Site "Chess.com"]
[Date "2024.03.05"]
[Round "6"]
[White "Schattman"]
[Black "Roman_Ovetchkin"]
[Result "0-1"]
[WhiteElo "2426"]
[BlackElo "2588"]
[TimeControl "180+1"]
[EndTime "9:08:22 PST"]
[Termination "Roman_Ovetchkin won on time"]

1. d4 Nf6 2. Bf4 d6 3. Nf3 Nbd7 4. c3 g6 5. Nbd2 Nh5 6. Bg5 h6 7. Bh4 g5 8. Bg3 Bg7 9. e4 e6 10. Bd3 a6 11. Qe2 b6 12. e5 d5 13. O-O-O Bb7 14.
h4 Nxg3 15. fxg3 g4 16. Ne1 h5 17. Nc2 Qe7 18. Kb1 c5 19. b3 b5 20. Ne3 b4 21.
cxb4 cxd4 22. Nc2 Bxe5 23. Rhf1 O-O 24. Qf2 Rac8 25. Nxd4 Qxb4 26. Nf5 Qc3 27. Ne7+ Kg7 28. Nc4 dxc4 29. Bxc4 Be4+ 0-1

[Event "Early-Titled-Tuesday-Blitz-March-05-2024"]
[Site "Chess.com"]
[Date "2024.03.05"]
[Round "6"]
[White "Juwen"]
[Black "VladimirKramnik"]
[Result "0-1"]
[WhiteElo "2648"]
[BlackElo "2971"]
[TimeControl "180+1"]
[EndTime "9:08:25 PST"]
[Termination "VladimirKramnik won on time"]

1. d4 Nf6 2. c4 e6 3. Nf3 Bb4+ 4. Bd2 Bxd2+ 5. Qxd2 O-O 6. Nc3 d5 7. e3 Qe7 8. Bd3 Rd8 9. cxd5 exd5 10. Ne5 c5 11. O-O Nc6 12. f4 cxd4 13. exd4 Qb4 14. Nxc6 bxc6 15. Kh1 a5 16. Rad1 h6 17. b3 Kf8 18. Bc2 Re8 19. Na4 Bg4 20. Qxb4+ axb4 21. Rc1 Be2 22. Rfe1 Bb5 23. Kg1 Ng4 24. Rxe8+ Rxe8 25.
Nc5 Re2 26. Bd3 Rxa2 27. Bxb5 cxb5 28. Re1 Nf6 29. h3 Rd2 30. Ra1 Rxd4 31. Ra8+ Ke7 32. Ra7+ Kd6 33. Nb7+ Kc7 34. Nc5+ Kb6 0-1

[Event "Early-Titled-Tuesday-Blitz-March-05-2024"]
[Site "Chess.com"]
[Date "2024.03.05"]
[Round "6"]
[White "AlexPapasimakopoulos"]
[Black "SpeedofLight0"]
[Result "0-1"]
[WhiteElo "2745"]
[BlackElo "3063"]
[TimeControl "180+1"]
[EndTime "9:08:26 PST"]
[Termination "SpeedofLight0 won by checkmate"]

1. d4 d6 2. Nf3 g6 3. c4 Bg7 4. Nc3 Bd7 5. e4 Nc6 6. d5 Ne5 7. Nxe5 Bxe5 8. Be3 Nf6 9. Bd3 Ng4 10. Bd2 Bg7 11.
O-O O-O 12. Be2 Nf6 13. Re1 c5 14. h3 a6 15. a4 e6 16. Bd3 Re8 17. Qb3 Qc7 18.
a5 Re7 19. Na4 Bxa4 20. Qxa4 Rae8 21. Kf1 Nd7 22. Rab1 Bd4 23. b4 cxb4 24. Bxb4 Nc5 25. Qa3 e5 26. Bc2 Rf8 27. Bc3 Bxc3 28. Qxc3 f5 29.
exf5 gxf5 30. Rb6 Rg7 31. g3 h5 32. Qf3 h4 33. gxh4 e4 34. Qc3 Qe7 35. Ke2 f4 36. Kd1 e3 37. fxe3 f3 38. Rf1 f2 39. h5 Rg1 40. Ke2 Rxf1 41. Kxf1 Qg5 42. Rb1 Qg1+ 43. Ke2 f1=Q+ 44. Rxf1 Qxf1+ 45. Kd2 Rf2# 0-1

[Event "Early-Titled-Tuesday-Blitz-March-05-2024"]
[Site "Chess.com"]
[Date "2024.03.05"]
[Round "6"]
[White "Let_it_be_1"]
[Black "bancsoo"]
[Result "0-1"]
[WhiteElo "2581"]
[BlackElo "2917"]
[TimeControl "180+1"]
[EndTime "9:08:29 PST"]
[Termination "bancsoo won on time"]

1. e4 c5 2. Nf3 Nc6 3. d4 cxd4 4. Nxd4 Nf6 5. Nc3 e5 6. Ndb5 d6 7. Bg5 a6 8. Na3 b5 9. Nd5 Be7 10. Bxf6 Bxf6 11. c3 Bg5 12. Nc2 Rb8 13. a4 bxa4 14. Ncb4 Nxb4 15. Nxb4 Bd7 16. Bxa6 Qb6 17. O-O O-O 18.
Bd3 Kh8 19. Bc2 Bb5 20. Re1 g6 21. Bxa4 Bc4 22. Nc6 Ra8 23. Qxd6 Qxb2 24. Nxe5 Be6 25. Rab1 Qxc3 26. Nf3 Bf6 27. e5 Bg7 28. Qc6 Qa3 29. Ra1 Qb4 30. Reb1 Qf4 31. Bb5 Rad8 32. Ra4 Qf5 33.
Rc1 Bd5 34. Qc3 Rc8 35. Bc4 Rc5 0-1